 Dungeon Crawl Stone Soup version 0.29-a0-299-g4c793a2ed2 (webtiles) character file.

Game seed: 2177640147258037961

114984 Essalna the Destroyer (level 16, -1/125 HPs)
             Began as a Demonspawn Conjurer on Mar 23, 2022.
             Was the Champion of Hepliaklqana.
             Killed from afar by an eleionoma (17 damage)
             ... with a spray of wooden splinters
             ... on level 2 of the Swamp on Mar 24, 2022.
             The game lasted 01:37:07 (36609 turns).

Essalna the Destroyer (Demonspawn Conjurer)        Turns: 36609, Time: 01:37:07

Health: -1/125     AC: 18    Str: 11    XL:     16   Next: 17%
Magic:  16/42      EV: 13    Int: 37    God:    Hepliaklqana [******]
Gold:   2818       SH:  0    Dex: 14    Spells: 12/41 levels left

rFire   + . .      SeeInvis .   l - +7 dagger of Toxasalo {vorpal, rCorr Int+6}
rCold   + . .      Faith    .   o - +0 buckler {rC+ rF+}
rNeg    . . .      Spirit   .   J - +4 troll leather armour {Snorg}
rPois   .          Reflect  .   (no helmet)
rElec   .          Harm     .   (cloak unavailable)
rCorr   +          Rampage  .   d - +2 pair of gloves {Str+3}
Will    +....                   (no boots)
Stlth   +.........              (no amulet)
HPRegen 1.10/turn               W - ring of magical power
MPRegen 0.28/turn               s - +6 ring of intelligence

@: confused, mighty, ambrosia-drunk, slowed, very slow
A: reduced essence, rugged brown scales 2, icemail 1, powered by pain 2,
condensation shield, bedeviling, weakness stinger 3
a: Renounce Religion, Recall Ancestor, Ancestor Identity, Transference, Idealise


You were on level 2 of the Swamp.
You worshipped Hepliaklqana.
Hepliaklqana was exalted by your worship.
You visited 5 branches of the dungeon, and saw 27 of its levels.
You also visited: Gauntlet.

You collected 2818 gold pieces.

Inventory:

Hand Weapons
 l - the +7 dagger of Toxasalo (weapon) {vorpal, rCorr Int+6}
   (You found it on level 8 of the Dungeon)

   It inflicts extra damage upon your enemies.
   Int:       It affects your intelligence (+6).
   rCorr:     It protects you from acid and corrosion.
Armour
 d - a +2 pair of gloves of strength (worn)
 o - a +0 buckler of resistance (worn)
 v - a +2 robe of willpower
 y - a +1 cloak
 J - a +4 troll leather armour (worn) {Snorg}
 U - a +2 robe of cold resistance
Magical Staves
 u - a staff of earth
 B - a staff of fire
 E - a staff of conjuration
Jewellery
 a - a ring of willpower
 s - a +6 ring of intelligence (right hand)
 x - a ring of ice
 C - a ring of magical power
 F - a +4 ring of evasion
 H - a +4 ring of evasion
 K - a ring of fire
 N - a ring of flight
 Q - a ring of magical power
 R - a +4 ring of evasion
 T - a ring of see invisible
 W - a ring of magical power (left hand)
 X - a ring of willpower
 Z - a ring of resist corrosion
Wands
 A - a wand of polymorph (12)
 M - a wand of digging (11)
 S - a wand of acid (15)
 V - a wand of iceblast (30)
 Y - a wand of mindburst (10)
Scrolls
 b - 4 scrolls of silence
 c - 5 scrolls of teleportation
 e - 26 scrolls of identify
 i - 4 scrolls of magic mapping
 m - 4 scrolls of enchant weapon
 n - a scroll of amnesia
 t - 6 scrolls of fear
 G - 2 scrolls of blinking
 I - 2 scrolls of enchant armour
Potions
 f - 4 potions of attraction
 g - 5 potions of might
 h - 8 potions of curing {unknown}
 j - 4 potions of berserk rage {unknown}
 k - 2 potions of invisibility {unknown}
 p - 5 potions of resistance {unknown}
 q - 4 potions of mutation {unknown}
 r - 6 potions of heal wounds {unknown}
 w - 2 potions of degeneration {unknown}
 z - 3 potions of lignification {unknown}
 D - 2 potions of brilliance {unknown}
 O - 5 potions of ambrosia
 P - 2 potions of cancellation {unknown}


   Skills:
 + Level 13.9 Fighting
 - Level 5.0 Armour
 - Level 5.4 Dodging
 - Level 1.7 Stealth
 - Level 4.0 Shields
 + Level 13.3 Spellcasting
 + Level 14.9 Conjurations
 - Level 11.0 Translocations
 + Level 6.7 Fire Magic
 - Level 5.0 Invocations


You had 12 spell levels left.
You knew the following spells:

 Your Spells              Type           Power      Damage    Failure   Level
a - Magic Dart            Conj           100%       1d8       0%          1
b - Searing Ray           Conj           100%       2d8       0%          2
c - Iskenderun's Mystic   Conj/Tloc      88%        2d17      1%          4
d - Fire Storm            Conj/Fire      40%        8d10      100%        9
e - Starburst             Conj/Fire      40%        6d12      4%          6
f - Orb of Destruction    Conj           47%        9d12      4%          7

Your spell library contained the following spells:

 Spells                   Type           Power      Damage    Failure   Level
 Apportation              Tloc           100%       N/A       1%          1
 Dazzling Flash           Conj/Hex       100%       N/A       1%          3
 Inner Flame              Hex/Fire       65%        N/A       1%          3
 Fulminant Prism          Conj/Hex       44%        3d20      1%          4
 Fireball                 Conj/Fire      40%        3d16      1%          5
 Iskenderun's Battlesphe  Conj           94%        2d14      1%          5
 Animate Skeleton         Necr           48%        N/A       2%          1
 Pain                     Necr           96%        1d8       2%          1
 Summon Small Mammal      Summ           96%        N/A       2%          1
 Ensorcelled Hibernation  Hex/Ice        74%        N/A       3%          2
 Sublimation of Blood     Necr           24%        N/A       3%          2
 Irradiate                Conj/Tmut      34%        3d25      3%          5
 Lightning Bolt           Conj/Air       34%        1d51      3%          5
 Spider Form              Tmut/Pois      24%        N/A       8%          3
 Vampiric Draining        Necr           24%        2d7       8%          3
 Summon Forest            Summ/Tloc      30%        N/A       8%          5
 Conjure Ball Lightning   Conj/Air       34%        3x3d11    19%         6
 Airstrike                Air            12%        N/A       26%         4
 Anguish                  Hex/Necr       18%        N/A       26%         4
 Cause Fear               Hex            18%        N/A       26%         4
 Petrify                  Tmut/Erth      24%        N/A       26%         4
 Summon Lightning Spire   Summ/Air       24%        N/A       26%         4
 Summon Mana Viper        Hex/Summ       37%        N/A       56%         5
 Summon Cactus Giant      Summ           12%        N/A       98%         6
 Storm Form               Tmut/Air       12%        N/A       100%        7
 Discord                  Hex            18%        N/A       100%        8
 Maxwell's Capacitive Co  Air            12%        ∞         100%        8
 Chain Lightning          Conj/Air       34%        3d45      100%        9
 Shatter                  Erth           12%        3d13*     100%        9


Dungeon Overview and Level Annotations

Branches:
Dungeon (15/15) Temple (1/1) D:6 Lair (6/6) D:11 Swamp (3/4) Lair:4 Snake (0/4) Lair:3 Slime (0/5) Lair:6 Orc (2/2) D:11 Elf (0/3) Orc:2 Vaults (0/5) D:12 D:13 Depths (0/4) D:15 Gauntlet (visited)

Altars:
Elyvilon
Fedhas
Hepliaklqana
Okawaru
Qazlal
Ru
Vehumet
Wu Jian
Yredelemnul
The Shining One
Beogh
Jiyva

Shops:
D:2 *   D:4 [   D:8 (   D:10 [   Orc:1 [   Orc:2 [??(

Portals:
Trove: D:13 (show slimy rune of Zot)


Innate Abilities, Weirdness & Mutations

Your life essence is reduced to manifest your ancestor. (-10% HP)
You are mostly covered in rugged brown scales. (AC +2, +5% HP)
A meltable icy envelope protects you from harm. (AC +4)
You sometimes gain power by taking damage.
A meltable shield of frost defends you. (SH +4)
Your hexes are more powerful.
You have a sharp stinger which inflicts weakening toxins.


Message History

Aim: a ghoul (almost destroyed, 100% to hit)
The magic dart hits the ghoul but does no damage.
The ghoul is almost destroyed.
You block the ghoul's attack. x2; The ghoul closely misses you.
The ghoul claws you but does no damage.
Casting: Magic Dart (safe; 0% risk of failure)
Confirm with . or Enter, or press ? or * to list all spells.
You don't have enough magic to cast this spell.
Unknown command.
The ghoul claws you. x2
Your magical contamination has completely faded away.
You completely miss the ghoul.
Your tail-slap misses the ghoul.
The ghoul is almost destroyed.
The ghoul claws you but does no damage. The ghoul claws you!
You block the ghoul's attack. x2
You puncture the ghoul!
The ghoul is almost destroyed.
The ghoul claws you but does no damage. The ghoul barely misses you.
The ghoul claws you!
* * * LOW HITPOINT WARNING * * *
The ghoul claws you!
* * * LOW HITPOINT WARNING * * *
You puncture the ghoul!
Your tail-slap misses the ghoul.
The ghoul is almost destroyed.
The ghoul barely misses you. You block the ghoul's attack.
You are confused.
You feel invigorated. The ghoul claws you!
* * * LOW HITPOINT WARNING * * *
The ghoul claws you!
* * * LOW HITPOINT WARNING * * *
The ghoul barely misses you. The ghoul claws you.
* * * LOW HITPOINT WARNING * * *
An eleionoma comes into view.
The eleionoma shouts!
The eleionoma flows through the trees.
The ghoul misses you. The ghoul completely misses you. The eleionoma hits you!
* * * LOW HITPOINT WARNING * * *
The eleionoma hurls a spray of splinters at you.
The spray of wooden splinters hits you!
You die...

♣♣♣♣♣♣♣♣♣ ♣.♣♣≈♣..♣
♣♣...≈≈..♣♣ ♣.≈♣♣.≈≈≈.♣
♣♣ ♣♣.≈♣♣♣§≈≈.♣♣ ♣≈♣
♣♣♣≈..♣♣♣♣.≈≈(♣♣♣♣.♣♣..
♣≈♣..≈.♣♣..≈≈≈≈♣@.♣...≈
♣....♣♣.≈♣≈≈..nR...♣
♣≈..≈♣...≈.......♣♣♣
♣♣.≈<♣..≈≈≈≈≈.>..≈♣
♣.≈≈.≈...§≈♣♣≈§.♣♣♣
≈♣.≈...≈..♣♣≈.≈.≈♣ ♣♣♣
♣♣..≈.≈≈..♣♣♣♣[.♣♣
♣♣.♣♣ ≈♣.≈≈.♣♣≈♣♣ ♣≈§♣♣
♣.♣.♣ ♣.≈≈≈...≈♣ ♣≈≈.♣
♣..♣♣


You could see a ghoul and an eleionoma.

Vanquished Creatures
  The ghost of Afolao Buwex the Severer, a journeyman DDFi of Makhleb (D:13)
  2 fenstrider witches
  A quicksilver ooze (Gauntlet)
  Nessos (D:14)
  An eleionoma (Swamp:1)
  2 bunyips (Swamp:1)
  A minotaur (Gauntlet)
  Snorg (Orc:1)
  2 fire dragons
  8 hydras
  2 boulder beetles
  A centaur warrior (D:15)
  4 two-headed ogres
  4 tengu warriors
  4 alligators
  3 death yaks (Lair:4)
  Urug (D:13)
  4 orc high priests (Orc:2)
  Nergalle (D:10)
  A spriggan (Swamp:2)
  A titan skeleton (D:15)
  A fire crab (Lair:6)
  2 swamp dragons
  2 deep elf pyromancers
  A necromancer (D:15)
  3 bog bodies (Swamp:1)
  4 orc knights
  3 orc sorcerers
  A manticore (D:13)
  An ugly thing (D:14)
  7 cyclopes
  An elephant (Lair:5)
  6 black mambas
  A gargoyle (D:13)
  3 molten gargoyles (Lair:6)
  2 cane toads
  An unseen horror (D:11)
  7 rime drakes
  An efreet (D:15)
  8 komodo dragons
  A guardian mummy (D:15)
  An ice devil (D:13)
  6 trolls
  Prince Ribbit (D:7)
  3 meliai (Lair:4)
  2 hornets
  A tyrant leech (Swamp:2)
  9 slime creatures
  A spriggan zombie (D:15)
  7 blink frogs
  5 centaur simulacra (D:13)
  Sigmund (D:6)
  2 shadows
  4 wraiths
  5 wyverns
  13 humans
  A fire bat (shapeshifter) (D:13)
  42 yaks
  2 vampire mosquitoes (Lair:4)
  2 basilisks
  11 steam dragons
  5 swamp worms
  3 nagas (Lair:3)
  2 wargs
  5 hell hounds (Lair:6)
  12 water moccasins
  3 acid dragons
  A meliai simulacrum (D:13)
  43 orc warriors
  A swamp drake (Swamp:1)
  2 ice beasts
  2 sky beasts
  7 ogres
  2 black bears
  16 wolves
  9 centaurs
  4 phantoms
  9 bullfrogs
  2 necrophages
  3 scorpions
  14 killer bees (Lair:4)
  3 howler monkeys
  4 electric eels
  4 lava snakes (Lair:6)
  4 hounds
  32 orc priests
  Jessica (D:3)
  3 iguanas
  19 orc wizards
  7 gnolls
  8 adders
  3 ufetubi
  2 worms
  4 dart slugs
  143 orcs
  3 ball pythons
  7 bats
  6 endoplasms
  2 giant cockroaches
  9 goblins
  5 hobgoblins
  3 jackals (D:2)
  5 quokkas
  3 frilled lizards
  A jackal zombie (D:8)
  3 kobolds
  8 rats
658 creatures vanquished.

Vanquished Creatures (collateral kills)
  An orc warlord (Orc:2)
  An eleionoma (Swamp:3)
  A hydra (Swamp:1)
  2 centaur warriors
  A two-headed ogre (Orc:2)
  2 alligators
  2 tengu warriors
  A vampire mage (D:15)
  An orc high priest (Orc:2)
  A spriggan (Swamp:1)
  A sixfirhy (Gauntlet)
  A skeletal warrior (D:15)
  An orc knight (Orc:2)
  2 orc sorcerers (Orc:2)
  2 iron dragon zombies (D:15)
  3 ugly things (D:14)
  4 will-o-the-wisps (Swamp:1)
  2 manticores
  A gargoyle (D:11)
  Maurice (D:8)
  3 elephants (Lair:5)
  4 black mambas
  Maggie (Lair:1)
  6 cane toads
  5 rime drakes
  10 komodo dragons
  A queen bee (Lair:4)
  A tyrant leech (Swamp:1)
  A troll (Orc:2)
  2 blink frogs
  4 hornets
  A slime creature (D:12)
  3 wyverns
  A centaur simulacrum (D:13)
  2 humans (D:13)
  A wraith (D:12)
  15 yaks
  2 basilisks
  A steam dragon (D:8)
  A warg (Orc:1)
  3 swamp worms (Swamp:2)
  An acid dragon (D:10)
  4 water moccasins
  2 swamp drakes (Swamp:1)
  A black bear (D:8)
  19 orc warriors
  3 ogres (Orc:2)
  4 centaurs
  A wolf (Lair:1)
  3 bullfrogs
  A scorpion (D:11)
  2 killer bees (Lair:4)
  A lava snake (Lair:6)
  12 orc priests
  12 orc wizards
  An ufetubus (Gauntlet)
  29 orcs
195 creatures vanquished.

Vanquished Creatures (others)
  A manticore (D:13)
  A will-o-the-wisp (Swamp:1)
  A bloated husk (Swamp:1)
  2 humans (D:13)
  An orc warrior (Orc:2)
  17 knights
  7 ancestors
  A demonic plant (Gauntlet)
  5 foxfires (Swamp:1)
  32 fungi
  65 plants
  6 withered plants (D:15)
139 creatures vanquished.

Grand Total: 992 creatures vanquished

Notes
Turn   | Place    | Note
-------+----------+-------------------------------------------
     0 | D:1      | Essalna the Demonspawn Conjurer began the quest for the
                  | Orb.
     0 | D:1      | Reached XP level 1. HP: 13/13 MP: 3/3
   406 | D:1      | Gained mutation: A meltable shield of frost defends you.
                  | (SH +4) [demonic ancestry]
   406 | D:1      | Reached XP level 2. HP: 19/19 MP: 0/5
   809 | D:1      | Found a faded altar of an unknown god.
  1254 | D:2      | Reached XP level 3. HP: 24/24 MP: 2/7
  1552 | D:2      | Found Boipteon's Assorted Antiques.
  1783 | D:2      | Gained mutation: You are partially covered in rugged brown
                  | scales. (AC +1, +3% HP) [demonic ancestry]
  1783 | D:2      | Reached XP level 4. HP: 24/30 MP: 2/8
  1951 | D:2      | Reached skill level 5 in Conjurations
  2019 | D:2      | Learned a level 2 spell: Searing Ray
  2344 | D:2      | Reached skill level 1 in Fighting
  2349 | D:2      | Learned a level 4 spell: Iskenderun's Mystic Blast
  2530 | D:2      | Gained mutation: You are mostly covered in rugged brown
                  | scales. (AC +2, +5% HP) [demonic ancestry]
  2530 | D:2      | Reached XP level 5. HP: 32/38 MP: 6/10
  2736 | D:3      | Noticed Jessica
  2738 | D:3      | Killed Jessica
  3017 | D:3      | Identified the +1 scale mail of the Doldrums {Harm Stlth+}
  3360 | D:4      | Found Etoth's Armour Shop.
  3570 | D:4      | Noticed an ogre
  3583 | D:4      | Killed an ogre
  3584 | D:4      | Reached skill level 1 in Translocations
  3584 | D:4      | Gained mutation: You have a small tail. [demonic ancestry]
  3584 | D:4      | Reached XP level 6. HP: 46/46 MP: 5/11
  4221 | D:5      | Entered Level 5 of the Dungeon
  4406 | D:5      | Noticed an ice beast
  4506 | D:5      | Reached XP level 7. HP: 36/53 MP: 2/13
  4573 | D:5      | Reached skill level 6 in Conjurations
  5787 | D:6      | Reached skill level 5 in Spellcasting
  5790 | D:6      | Reached XP level 8. HP: 59/63 MP: 6/15
  5842 | D:6      | Noticed Sigmund
  6005 | D:6      | Found a staircase to the Ecumenical Temple.
  6063 | Temple   | Entered the Ecumenical Temple
  6161 | Temple   | Became a worshipper of Hepliaklqana the Forgotten
  6442 | D:6      | Reached skill level 7 in Conjurations
  6596 | D:6      | Killed Sigmund
  6821 | D:7      | Reached skill level 5 in Fighting
  7109 | D:7      | Reached XP level 9. HP: 49/71 MP: 8/18
  7603 | D:7      | Reached * piety under Hepliaklqana
  7643 | D:7      | Found a sacrificial altar of Ru.
  7840 | D:7      | Noticed Prince Ribbit
  7848 | D:7      | Reached skill level 5 in Translocations
  7876 | D:7      | Killed Prince Ribbit
  8179 | D:8      | Found Vokh's Antique Weapon Shop.
  8180 | D:8      | Noticed Maurice
  8204 | D:8      | Reached skill level 8 in Conjurations
  8417 | D:8      | Found a runed translucent door.
  8419 | D:8      | Found a basalt altar of Yredelemnul.
  8424 | D:8      | Identified the +7 dagger of Toxasalo {vorpal, rCorr Int+6}
  8455 | D:8      | Killed Maurice
  9145 | D:8      | Gained mutation: You sometimes gain a little power by
                  | taking damage. [demonic ancestry]
  9145 | D:8      | Reached XP level 10. HP: 64/73 MP: 13/20
 10290 | D:9      | Reached skill level 9 in Conjurations
 10798 | D:9      | Noticed a cyclops
 10814 | D:9      | Killed a cyclops
 11138 | D:10     | Entered Level 10 of the Dungeon
 11487 | D:10     | Reached ** piety under Hepliaklqana
 11488 | D:10     | Remembered your ancestor Cuahtemoc as a knight
 11630 | D:10     | Found Sougidah's Armour Shoppe.
 11926 | D:10     | Noticed Nergalle
 11938 | D:10     | Killed Nergalle
 12184 | D:11     | Reached XP level 11. HP: 76/81 MP: 16/23
 12367 | D:11     | Reached skill level 10 in Conjurations
 12862 | D:11     | Found a staircase to the Orcish Mines.
 13078 | D:11     | Found a staircase to the Lair.
 13809 | Orc:1    | Entered Level 1 of the Orcish Mines
 13809 | Orc:1    | Reached *** piety under Hepliaklqana
 13858 | Orc:1    | Noticed Snorg
 13871 | Orc:1    | Killed Snorg
 14779 | Orc:1    | Found Mimm's Antique Armour Boutique.
 14793 | Orc:1    | Noticed an orc knight
 14836 | Orc:1    | Killed an orc knight
 15040 | Orc:2    | Entered Level 2 of the Orcish Mines
 15172 | Orc:2    | Noticed a two-headed ogre
 15180 | Orc:2    | Killed a two-headed ogre
 15181 | Orc:2    | Reached skill level 11 in Conjurations
 15181 | Orc:2    | Gained mutation: You have a tail ending in a sharp stinger.
                  | [demonic ancestry]
 15181 | Orc:2    | Reached XP level 12. HP: 92/92 MP: 6/25
 15612 | Orc:2    | Noticed a two-headed ogre
 15619 | Orc:2    | Killed a two-headed ogre
 16039 | Orc:2    | Reached skill level 10 in Fighting
 16723 | Orc:2    | Reached skill level 10 in Spellcasting
 16792 | Orc:2    | Noticed an orc high priest
 16798 | Orc:2    | Killed an orc high priest
 16994 | Orc:2    | Found a staircase to the Elven Halls.
 17566 | Orc:2    | Noticed an orc warlord
 17580 | Orc:2    | Killed an orc warlord
 17733 | Orc:2    | Noticed an orc high priest
 17743 | Orc:2    | Killed an orc high priest
 17851 | Orc:2    | Noticed an orc high priest
 17859 | Orc:2    | Killed an orc high priest
 17873 | Orc:2    | Noticed an orc high priest
 17878 | Orc:2    | Killed an orc high priest
 17879 | Orc:2    | Reached skill level 12 in Conjurations
 17879 | Orc:2    | Noticed an orc high priest
 17888 | Orc:2    | Killed an orc high priest
 17889 | Orc:2    | Reached skill level 10 in Translocations
 18095 | Orc:2    | Found Tefukhliru's Antique Weapon Boutique.
 18126 | Orc:2    | Found Keshruv's Magic Scroll Shoppe.
 18299 | Orc:2    | Gained mutation: Your hexes are more powerful. [demonic
                  | ancestry]
 18299 | Orc:2    | Reached XP level 13. HP: 100/100 MP: 3/27
 18477 | Orc:2    | Found Gops's Armour Boutique.
 18549 | Orc:2    | Found Ofytacup's Magic Scroll Shop.
 19394 | Lair:1   | Entered Level 1 of the Lair of Beasts
 19510 | Lair:1   | Noticed Maggie
 19520 | Lair:1   | Killed Maggie
 19644 | Lair:1   | Reached **** piety under Hepliaklqana
 21882 | Lair:2   | Reached skill level 13 in Conjurations
 22379 | Lair:3   | Reached ***** piety under Hepliaklqana
 22570 | Lair:3   | Found a staircase to the Snake Pit.
 22708 | Lair:3   | Learned a level 9 spell: Fire Storm
 22764 | Lair:3   | Identified the +10 scimitar of Classification {vorpal,
                  | Str+6 Int-4}
 22864 | Lair:3   | Upgraded the game from 0.29-a0-298-g3c90f9a769 to
                  | 0.29-a0-299-g4c793a2ed2
 23264 | Lair:4   | Reached skill level 1 in Armour
 23371 | Lair:4   | Found a staircase to the Swamp.
 23876 | Lair:4   | Reached skill level 1 in Fire Magic
 23929 | Lair:4   | Gained mutation: A meltable icy envelope protects you from
                  | harm. (AC +4) [demonic ancestry]
 23929 | Lair:4   | Reached XP level 14. HP: 106/109 MP: 16/29
 25700 | Lair:6   | Entered Level 6 of the Lair of Beasts
 26560 | Lair:6   | Found a viscous altar of Jiyva.
 26561 | Lair:6   | Found a staircase to the Slime Pits.
 27424 | Lair:6   | Found a large runed translucent door.
 27424 | Lair:6   | Found a large runed translucent door.
 27887 | D:12     | Found a gate leading to a gauntlet.
 27893 | Gauntlet | Entered a Gauntlet
 27893 | Gauntlet | Found a transporter.
 28050 | Gauntlet | Found a runed translucent door.
 28054 | Gauntlet | Found a transporter.
 28062 | Gauntlet | Learned a level 6 spell: Starburst
 28077 | Gauntlet | Found a transporter.
 28078 | Gauntlet | Found a transporter.
 28081 | Gauntlet | Found a runed translucent door.
 28083 | Gauntlet | Found a runed translucent door.
 28086 | Gauntlet | Found a transporter.
 28102 | Gauntlet | Found a transporter.
 28113 | Gauntlet | Found a transporter.
 28120 | Gauntlet | Noticed a quicksilver ooze
 28123 | Gauntlet | Found a transporter.
 28137 | Gauntlet | Found a transporter.
 28152 | Gauntlet | Found a transporter.
 28152 | Gauntlet | Found a transporter.
 28194 | Gauntlet | Found a transporter.
 28208 | Gauntlet | Found a transporter.
 28222 | Gauntlet | Found a transporter.
 28433 | Gauntlet | Killed a quicksilver ooze
 28489 | Gauntlet | Reached skill level 5 in Dodging
 29093 | D:12     | Reached ****** piety under Hepliaklqana
 29703 | D:13     | Gained mutation: You sometimes gain power by taking damage.
                  | [demonic ancestry]
 29703 | D:13     | Reached XP level 15. HP: 115/115 MP: 24/31
 29808 | D:13     | Found a runed translucent gate.
 29808 | D:13     | Found a runed translucent gate.
 29808 | D:13     | Found a runed translucent gate.
 29809 | D:13     | Noticed Afolao Buwex's ghost (journeyman DDFi)
 30053 | D:13     | You fall into a shaft and drop 2 floors!
 30053 | D:15     | Entered Level 15 of the Dungeon
 30067 | D:15     | Reached skill level 14 in Conjurations
 30237 | D:14     | Noticed Nessos
 30681 | D:15     | Found a staircase to the Depths.
 30960 | D:14     | Reached skill level 5 in Armour
 31007 | D:14     | Killed Nessos
 31009 | D:14     | HP: 5/116 [poisoned by Nessos]
 31169 | D:14     | Learned a level 7 spell: Orb of Destruction
 31193 | D:13     | Noticed Urug
 31193 | D:13     | Found a gate to the Vaults.
 31196 | D:13     | Reached skill level 5 in Fire Magic
 31196 | D:13     | Reached skill level 1 in Invocations
 31201 | D:13     | Reached skill level 1 in Shields
 31371 | D:13     | Killed Urug
 32092 | D:13     | Found a portal to a secret trove of treasure.
 33358 | D:13     | Killed Afolao Buwex's ghost
 34525 | Swamp:1  | Entered Level 1 of the Swamp
 34940 | Swamp:1  | Noticed a fenstrider witch
 34946 | Swamp:1  | Killed a fenstrider witch
 34956 | Swamp:1  | Reached skill level 5 in Invocations
 35418 | Swamp:1  | Gained mutation: You have a sharp stinger which inflicts
                  | weakening toxins. [demonic ancestry]
 35418 | Swamp:1  | Reached XP level 16. HP: 125/125 MP: 16/33
 36609 | Swamp:2  | Killed from afar by an eleionoma

Illustrated notes

Levels and vault maps discovered:
D:1:      dpeg_arrival_castle, layout_basic, ebering_ecumenical_altar_webs,
          chequers_serial_rivers_small_3, minmay_misc_feat_five
D:2:      layout_loops_ring, serial_shops, shop
D:3:      layout_basic, dreamdust_princess_corridor, uniq_jessica
D:4:      layout_basic, serial_shops, nicolae_shop_stone,
          kennysheep_big_empty_room, st_stairs_8
D:5:      layout_cave_pools
D:6:      layout_loops_ring, minmay_temple_entry_slanted, lightli_orcish_oven,
          uniq_sigmund
D:7:      layout_rooms, nicolae_ru_awakened_eye, kennysheep_generic_room_2,
          uniq_prince_ribbit1
D:8:      layout_basic, dk_yredelemnul_ordeal, serial_shops,
          nicolae_square_shop, special_room [special_room_orc],
          lightli_minifort, uniq_maurice
D:9:      layout_basic
D:10:     layout_irregular_city, mainiacjoe_overflow_24_doors, serial_shops,
          shop, lemuel_old_faithful, uniq_nergalle
D:11:     layout_roguey, grunt_lair_entry_orc_guard_hut, hiddenorc2_lemuel
D:12:     layout_gridville, gauntlet_entry_generic
D:13:     layout_small_grid, david_vaults_3, enter_trove_0, gammafunk_ghost_icy,
          minmay_misc_feat_tower
D:14:     layout_gridville, uniq_nessos
D:15:     gammafunk_depths_entry_grave, layout_rooms
Temple:   mainiacjoe_temple_bowtie_tessellation
Lair:1:   layout_regular_city, dreamdust_gnoll_shepherd, serial_bayou_shore_a,
          uniq_maggie
Lair:2:   layout_misc_corridors, bobbens_dragon_lair_wall
Lair:3:   layout_regular_city, minmay_snake_entry_guardpost_small,
          nicolae_volcano_entry_lava_flow
Lair:4:   layout_gridlike, minmay_swamp_entry_swarm, special_room
          [special_room_bee], lemuel_fruit_tree
Lair:5:   layout_loops_ring
Lair:6:   cheibrodos_lair_end_hotspot, layout_hall_layers, slime_altar_1,
          minmay_stone_trees_small, chequers_serial_rivers_micro_b,
          serial_bayou_pond_e, nicolae_lair_lil_pond, serial_bayou_pond_e,
          st_stairs_4, small_statue_intersection, minivault_26,
          small_statue_intersection, infiniplex_staircase_pool
Swamp:1:  layout_falls_marsh, serial_swamp_ruin, evilmike_swamp_ruin_house_1,
          evilmike_swamp_ruin_house_6, swamp_pool2, nicolae_swamp_spooky_pond
Swamp:2:  layout_falls_marsh, nicolae_swamp_tree_isthmus
Swamp:3:  layout_basic_swamp, evilmike_swamp_ruin_rubble_2
Orc:1:    layout_caves, serial_shops, nicolae_shop_trees, guppyfry_library_mini,
          uniq_snorg
Orc:2:    pubby_orc_utopia

Skill      XL: |  1  2  3  4  5  6  7  8  9 10 11 12 13 14 15 16 |
---------------+-------------------------------------------------+-----
Spellcasting   | 3 4 5 6 7 8 9 10 11 12 13 | 13.3
Conjurations   | 5 6 7 8 9 11 12 13 14 | 14.9
Fighting       | 1 2 3 5 6 8 9 11 12 13 | 13.9
Translocations | 1 2 3 4 6 7 8 10 11 | 11.0
Dodging        | 2 5 |  5.4
Armour         | 1 4 5 |  5.0
Fire Magic     | 1 4 6 |  6.7
Invocations    | 5 |  5.0
Shields        | 3 4 |  4.0
Stealth        | |  1.7

Action                   |  1- 3 |  4- 6 |  7- 9 | 10-12 | 13-15 | 16-18 || total
-------------------------+-------+-------+-------+-------+-------+-------++-------
Melee: Dagger            |     7 |     4 |     5 |     8 |     1 |     5 ||    30
       Tailslap          |       |     1 |       |     5 |     6 |       ||    12
       Staff             |       |       |       |    20 |    23 |       ||    43
       Punch             |       |       |       |     1 |       |       ||     1
 Cast: Magic Dart        |    68 |   132 |   161 |   474 |   548 |    46 ||  1429
       Searing Ray       |       |     6 |    44 |    87 |     4 |       ||   141
       Iskenderun's Myst |       |       |     2 |    65 |   335 |    21 ||   423
       Starburst         |       |       |       |       |    11 |    10 ||    21
       Orb of Destructio |       |       |       |       |    27 |     1 ||    28
Invok: Ancestor Life: Kn |       |       |       |     1 |       |       ||     1
       Recall Ancestor   |       |       |       |     1 |     8 |       ||     9
Evoke: Wand              |       |       |       |     2 |       |       ||     2
  Use: Potion            |       |       |     1 |       |     2 |     1 ||     4
       Scroll            |       |       |       |       |    17 |       ||    17
Armor: Robe              |     2 |     5 |    24 |     4 |       |       ||    35
       Troll leather arm |       |       |       |    46 |   115 |    13 ||   174
Dodge: Dodged            |     5 |    29 |    44 |   113 |   187 |    28 ||   406
Block: Other             |       |     8 |    12 |    35 |    37 |       ||    92
       Buckler           |       |       |       |       |    23 |    17 ||    40

Table legend: (Time is in decaauts)
 A = Elapsed time spent in this place.
 B = Non-inter-level travel time spent in this place.
 C = Inter-level travel time spent in this place.
 D = Time resting spent in this place.
 E = Time spent auto-exploring this place.
 F = Levels seen in this place.
 G = Mean time per level.
                   A        B        C        D        E       F      G
               +--------+--------+--------+--------+--------+-----+--------+
         Total |  36793 |  35141 |   1652 |   1262 |  28426 |  28 | 1314.0 |
       Dungeon |  19704 |  18766 |    938 |    664 |  15233 |  15 | 1313.6 |
        Temple |    123 |     99 |     24 |      0 |     90 |   1 |  123.0 |
          Lair |   8425 |   7938 |    487 |    251 |   6691 |   6 | 1404.2 |
         Swamp |   2180 |   2106 |     74 |      0 |   1809 |   3 |  726.7 |
  Orcish Mines |   5582 |   5454 |    128 |    347 |   4036 |   2 | 2791.0 |
      Gauntlet |    776 |    776 |      0 |      0 |    565 |   1 |  776.0 |
               +--------+--------+--------+--------+--------+-----+--------+

Top non-repeatable levels by time:
   Orc:2: 4074 daAuts
    D:13: 2129 daAuts
  Lair:6: 1925 daAuts
    D:11: 1732 daAuts
  Lair:4: 1708 daAuts
     D:8: 1631 daAuts
     D:7: 1554 daAuts
   Orc:1: 1508 daAuts
  Lair:1: 1469 daAuts
 Swamp:1: 1390 daAuts
     D:2: 1366 daAuts
    D:14: 1325 daAuts
  Lair:2: 1319 daAuts
     D:1: 1285 daAuts
    D:15: 1251 daAuts
